 Dungeon Crawl Stone Soup version 0.30-a0-187-gd9c2deaf24 (webtiles) character file.

Game seed: 14031141268706916427

179 tsouns the Sneak (level 5, 0/36 HPs)
             Began as an Octopode Brigand on Oct 4, 2022.
             Was a Believer of Zin.
             Slain by Dowan
             ... wielding a +0 dagger of protection
              (2 damage)
             ... on level 4 of the Dungeon.
             The game lasted 00:05:57 (2141 turns).

tsouns the Sneak (Octopode Brigand)                 Turns: 2141, Time: 00:05:58

Health: 0/36       AC:  1    Str:  8 (10) XL:     5   Next: 59%
Magic:  5/5        EV: 12    Int: 13 (16) God:    Zin [**....]
Gold:   208        SH:  0    Dex: 11 (13) Spells: 2/4 levels left

rFire   + . .      SeeInvis .    a - +2 dagger
rCold   + . .      Faith    .    (no shield)
rNeg    . . .      Spirit   .    (helmet restricted)
rPois   +          Reflect  .    p - amulet of regeneration
rElec   +          Harm     .    x - ring of wizardry
rCorr   +          Rampage  .    (no ring)
Will    .....                    (no ring)
Stlth   ++........               (no ring)
HPRegen 1.06/turn                (no ring)
MPRegen 0.09/turn                (no ring)
                                 (no ring)
                                 (no ring)

@: lit by a corona, resistant, slowed, glowing, very slow
A: almost no armour, amphibious, 8 rings, camouflage 1, gelatinous body 1,
nimble swimmer 1, tentacles
a: Renounce Religion, Recite, Vitalisation, Donate Gold


You were on level 4 of the Dungeon.
You worshipped Zin.
Zin was pleased with you.
You visited 1 branch of the dungeon, and saw 4 of its levels.

You collected 231 gold pieces.
You donated 23 gold pieces to Zin.

Inventory:

Hand Weapons
 a - a +2 dagger (weapon)
 i - a +0 dagger of holy wrath
Missiles
 b - 18 poisoned darts (quivered)
 c - 3 curare-tipped darts
Jewellery
 g - an amulet of guardian spirit
 n - an amulet of faith
 p - an amulet of regeneration (around mantle)
 x - a ring of wizardry (left tentacle)
Scrolls
 d - 2 scrolls of noise
 e - a scroll of poison {unknown}
 f - a scroll of immolation {unknown}
 l - a scroll of teleportation {unknown}
 q - a scroll of torment {unknown}
 s - 2 scrolls of identify
 t - a scroll of amnesia {unknown}
 u - a scroll of enchant weapon {unknown}
 v - a scroll of summoning {unknown}
Potions
 h - a potion of lignification
 j - a potion of resistance
 k - 4 potions of degeneration
 r - a potion of berserk rage {unknown}
 w - a potion of invisibility {unknown}


   Skills:
 + Level 3.1 Fighting
 + Level 3.2 Short Blades
 + Level 3.2 Throwing
 - Level 1.0 Dodging
 + Level 6.5 Stealth


You had 2 spell levels left.
You knew the following spells:

 Your Spells              Type           Power      Damage    Failure   Level
a - Blink                 Tloc           0%         N/A       19%         2

Your spell library contained the following spells:

 Spells                   Type           Power      Damage    Failure   Level
 Necrotise                Necr           0%         1d4       12%         1
 Vampiric Draining        Necr           0%         2d6       34%         3
 Vhi's Electric Charge    Tloc/Air       0%         N/A       34%         3
 Manifold Assault         Tloc           0%         N/A       73%         4
 Agony                    Necr           0%         N/A       96%         5
 Storm Form               Tmut/Air       0%         N/A       100%        7


Dungeon Overview and Level Annotations

Branches:
Dungeon (4/15)
 Temple: D:4-7

Altars:
Makhleb
Okawaru
Zin
The Shining One

Annotations:
D:4 Dowan, Duvessa


Innate Abilities, Weirdness & Mutations

You cannot wear most types of armour.
You are amphibious.
You can wear up to eight rings at the same time.
Your skin changes colour to match your surroundings (Stealth+).
Your rubbery body absorbs attacks. (AC +1, EV +1)
You are camouflaged when in or above water. (Stealth+)
You have tentacles for arms and can constrict up to eight enemies at once.


Message History

Natasha screams in fury as she dies!
The crimson imp disappears in a puff of smoke!
Dowan hits you with a +0 dagger of protection.
You hit Dowan. You grab Dowan.
Dowan is lightly wounded.
You constrict Dowan.
Dowan hits you with a +0 dagger of protection.
* * * LOW HITPOINT WARNING * * *
Unknown command.
You hit Dowan but do no damage.
Dowan is lightly wounded.
You constrict Dowan, but do no damage.
Dowan hits you with a +0 dagger of protection.
* * * LOW HITPOINT WARNING * * *
Unknown command.
You feel better.
You constrict Dowan. Dowan casts a spell at you.
You are outlined in light.
Unknown command.
You hit Dowan. Your squeeze misses Dowan.
Dowan is moderately wounded.
You constrict Dowan.
Dowan hits you with a +0 dagger of protection. x2
* * * LOW HITPOINT WARNING * * *
You hit Dowan but do no damage.
Dowan is moderately wounded.
You constrict Dowan.
Dowan hits you with a +0 dagger of protection.
* * * LOW HITPOINT WARNING * * *
You hit Dowan. You squeeze Dowan, but do no damage.
Dowan is heavily wounded.
You constrict Dowan, but do no damage. Dowan closely misses you.
You hit Dowan but do no damage. You squeeze Dowan.
Dowan is heavily wounded.
You constrict Dowan, but do no damage.
Dowan hits you with a +0 dagger of protection.
* * * LOW HITPOINT WARNING * * *
Dowan says, "Magic and the sword, together, will defeat you."
Dowan hits you with a +0 dagger of protection.
You die...

≈≈≈~P♣##..# ##.#
..
≈≈≈P~~#..###....
..
≈≈≈~♣~...#...#
.. ≈≈♣~♣~......#
.. ≈~~P~♣##..###
♣♣ .. ~~~~♣
##..## ~♣ .~
~~♣♣♣ #....# ##~
~ ~~
#..##.#####P♣ ~~
♣.## #.$...#@♣
~~P ♣.#
##....ee♣♣ ≈≈P
♣# #.....###
~≈≈≈ ##....##
~≈≈≈≈ #....##
≈~≈≈~~~ #.....#
....... #.....#
≈≈~~P~~ .......#
≈≈≈~~~~
...#.....#
~≈~~P~


You could see Duvessa and Dowan.

Vanquished Creatures
  A jelly (D:3)
  A hound (D:4)
  Natasha (D:4)
  2 adders (D:2)
  3 dart slugs
  An orc (D:3)
  5 ball pythons
  4 endoplasms
  2 giant cockroaches
  11 goblins
  7 hobgoblins
  4 quokkas (D:2)
  9 bats
  5 frilled lizards
  3 kobolds
  8 rats
67 creatures vanquished.

Vanquished Creatures (others)
  4 plants (D:4)
4 creatures vanquished.

Grand Total: 71 creatures vanquished

Notes
Turn   | Place    | Note
-------+----------+-------------------------------------------
     0 | D:1      | tsouns the Octopode Brigand began the quest for the Orb.
     0 | D:1      | Reached XP level 1. HP: 14/14 MP: 1/1
   152 | D:1      | Reached XP level 2. HP: 15/19 MP: 2/2
   390 | D:1      | Reached XP level 3. HP: 25/25 MP: 3/3
  1241 | D:2      | Learned a level 2 spell: Blink
  1266 | D:2      | Found a faded altar of an unknown god.
  1275 | D:2      | Prayed at the altar of an unknown god.
  1275 | D:2      | Became a worshipper of the Shining One
  1275 | D:2      | Reached * piety under the Shining One
  1374 | D:2      | Reached skill level 6 in Stealth
  1374 | D:2      | Reached XP level 4. HP: 30/30 MP: 4/4
  1452 | D:3      | Found a burning altar of Makhleb.
  1672 | D:3      | Found a glowing silver altar of Zin.
  1680 | D:3      | Fell from the grace of the Shining One
  1680 | D:3      | Became a worshipper of Zin the Law-Giver
  1680 | D:3      | Reached * piety under Zin
  1787 | D:3      | Reached XP level 5. HP: 36/36 MP: 5/5
  2000 | D:4      | Reached ** piety under Zin
  2066 | D:4      | Found an iron altar of Okawaru.
  2109 | D:4      | Noticed Natasha
  2111 | D:4      | Noticed Dowan
  2115 | D:4      | Noticed Duvessa
  2134 | D:4      | Killed Natasha
  2141 | D:4      | Slain by Dowan

Illustrated notes

Levels and vault maps discovered:
D:1:      minmay_arrival_checkered_box, layout_loops_ring
D:2:      layout_loops_corners, basic_ecumenical_altar
D:3:      cheibrodos_greedy_goblins, layout_rooms,
          mainiacjoe_overflow_boulevard, mainiacjoe_overflow_small_starburst,
          item_on_display_a
D:4:      layout_layer_cave, mainiacjoe_overflow_chevrons,
          nicolae_overflow_hidden_temple, serial_shops,
          nicolae_shop_window_shopping, serial_bayou, serial_bayou_shore_a,
          serial_bayou_lagoon_a, serial_bayou_lake_a, serial_bayou_pond_d,
          serial_bayou_pond_a, serial_bayou_lagoon_b, uniq_natasha,
          uniq_duvessa, uniq_sigmund

Skill      XL: |  1  2  3  4  5 |
---------------+----------------+-----
Stealth        | 6 |  6.5
Short Blades   | 3 |  3.2
Throwing       | 3 |  3.2
Fighting       | 3 |  3.1
Dodging        | |  1.0

Action                   |  1- 3 |  4- 6 || total
-------------------------+-------+-------++-------
Melee: Dagger            |    51 |    54 ||   105
       Constrict         |     8 |    12 ||    20
       Tentacles         |     4 |    10 ||    14
       Punch             |       |     2 ||     2
  Use: Potion            |       |     6 ||     6
       Scroll            |       |     2 ||     2
 Stab: Sleeping          |    26 |     5 ||    31
Armor: Skin              |       |     2 ||     2
Dodge: Dodged            |    10 |    19 ||    29

Table legend: (Time is in decaauts)
 A = Elapsed time spent in this place.
 B = Non-inter-level travel time spent in this place.
 C = Inter-level travel time spent in this place.
 D = Time resting spent in this place.
 E = Time spent auto-exploring this place.
 F = Levels seen in this place.
 G = Mean time per level.
                   A        B        C        D        E       F      G
               +--------+--------+--------+--------+--------+-----+--------+
         Total |   2132 |   2053 |     79 |      0 |   1573 |   4 |  533.0 |
       Dungeon |   2132 |   2053 |     79 |      0 |   1573 |   4 |  533.0 |
               +--------+--------+--------+--------+--------+-----+--------+

Top non-repeatable levels by time:
     D:2: 730 daAuts
     D:1: 711 daAuts
     D:3: 481 daAuts
     D:4: 208 daAuts
